WIN
HOUSTON (WIN) ASTROS @ SEATTLE (WIN) MARINERS
12/11/2048
 
TOP OF THE 1ST
Houston (WIN) Astros batting - Pitching for Seattle (WIN) Mariners : RHP Bill Porter
Pitching: RHP Bill Porter
Batting: RHB Omar Amaya 0-0: Ball
1-0: Foul Ball, location: 2F
1-1: Ball
2-1: Swinging Strike
2-2: Foul Ball, location: 2F
2-2: Ball
3-2: Base on Balls
Batting: LHB Mark Dearth 0-0: Ball
Pickoff Play to 1st, Runner tries for 2nd, OUT after rundown.
1-0: Ball
2-0: Ball
3-0: Called Strike
3-1: Called Strike
3-2: Base on Balls
Batting: RHB Elijah Hunter 0-0: Ball
1-0: Ball
2-0: Called Strike
2-1: Swinging Strike
2-2: Foul Ball, location: 2F
2-2: Ball
3-2: Strikes out looking
Batting: SHB Paskar Adegoke 0-0: SINGLE (Line Drive, 8LS, EV 98.8 MPH)
Mark Dearth to second
Batting: LHB Bob Govella 0-0: Called Strike
0-1: Called Strike
0-2: Fly out, F8 (Line Drive, 78M, EV 90.0 MPH)
Top of the 1st over - 0 runs, 1 hit, 0 errors, 2 left on base; Houston (WIN) 0 - Seattle (WIN) 0
BOTTOM OF THE 1ST
Seattle (WIN) Mariners batting - Pitching for Houston (WIN) Astros : RHP Muckle Wildriver
Pitching: RHP Muckle Wildriver
Batting: RHB Tomokazu Sugimoto 0-0: Ball
1-0: Called Strike
1-1: Called Strike
1-2: Ball
2-2: Ball
3-2: Base on Balls
Batting: RHB Mike Conaway 0-0: Ball
1-0: Called Strike
1-1: Called Strike
Tomokazu Sugimoto steals 2nd base
1-2: Ball
2-2: Ground out 6-3 (Groundball, 6, EV 83.8 MPH)
Tomokazu Sugimoto to third
Batting: LHB Addisu Nyamekye 0-0: Ball
1-0: Swinging Strike
1-1: Swinging Strike
1-2: Ball
2-2: Foul Ball, location: 2F
2-2: Foul Ball, location: 2F
2-2: Strikes out swinging
Batting: RHB Chris Skaff 0-0: Ball
1-0: Called Strike
1-1: Foul Ball, location: 2F
1-2: 2-RUN HOME RUN (Flyball, 7D, EV 96.9 MPH), Distance : 371 ft
Batting: RHB Ryan Criollo 0-0: Ball
1-0: Foul Ball, location: 2F
1-1: Swinging Strike
1-2: Ball
2-2: Strikes out swinging
Bottom of the 1st over - 2 runs, 1 hit, 0 errors, 0 left on base; Houston (WIN) 0 - Seattle (WIN) 2
TOP OF THE 2ND
Houston (WIN) Astros batting - Pitching for Seattle (WIN) Mariners : RHP Bill Porter
Batting: RHB Workneh Lagat 0-0: Swinging Strike
0-1: Ball
1-1: Ball
2-1: Foul Ball, location: 2F
2-2: Ground out 4-3 (Groundball, 4, EV 88.1 MPH)
Batting: LHB Aldo Kok 0-0: Ball
1-0: Ball
2-0: Ball
3-0: SINGLE (Flyball, 7LS, EV 87.5 MPH)
Batting: RHB Juan Mendoza 0-0: Called Strike
0-1: Swinging Strike
0-2: Ball
1-2: Strikes out swinging
Batting: RHB Yoshitoshi Mori 0-0: Swinging Strike
0-1: Swinging Strike
0-2: Ball
1-2: Strikes out swinging
Top of the 2nd over - 0 runs, 1 hit, 0 errors, 1 left on base; Houston (WIN) 0 - Seattle (WIN) 2
BOTTOM OF THE 2ND
Seattle (WIN) Mariners batting - Pitching for Houston (WIN) Astros : RHP Muckle Wildriver
Batting: RHB Adan Lake 0-0: Ball
1-0: Called Strike
1-1: Hit by Pitch
Batting: LHB Brent Dutcher 0-0: Ball
1-0: Called Strike
1-1: Ball
2-1: Ball
3-1: Base on Balls
Adan Lake to second
Batting: RHB Ching-hsia Zhang 0-0: Ball
1-0: Ball
2-0: Ball
3-0: Called Strike
3-1: Base on Balls
Adan Lake to third
Brent Dutcher to second
Batting: RHB Kagetoki Kawai 0-0: Ball
1-0: Foul Ball, location: 2F
1-1: Ball
2-1: Foul Ball, location: 2F
2-2: Foul Ball, location: 2F
2-2: Ball
3-2: SINGLE (Groundball, 25, EV 71.9 MPH) (infield hit)
Adan Lake scores
Brent Dutcher to third
Ching-hsia Zhang to second
Batting: RHB Tomokazu Sugimoto 0-0: Ball
1-0: Ball
2-0: SINGLE (Groundball, 34D, EV 99.4 MPH)
Brent Dutcher scores
Ching-hsia Zhang to third
Kagetoki Kawai to second
Batting: RHB Mike Conaway 0-0: Ball
Wild Pitch!
Ching-hsia Zhang scores
Kagetoki Kawai to third
Tomokazu Sugimoto to second
1-0: Foul Ball, location: 2F
1-1: Ball
2-1: Foul Ball, location: 2F
2-2: Strikes out swinging
Pitching: RHP Jayson Campbell
Batting: LHB Addisu Nyamekye 0-0: Ball
1-0: Ball
2-0: Called Strike
2-1: Ball
3-1: Swinging Strike
3-2: SINGLE (Groundball, 4D, EV 102.5 MPH)
Kagetoki Kawai scores
Tomokazu Sugimoto to third
Runner from 3rd tries for Home, SAFE, throw by CF to home
Batting: RHB Chris Skaff 0-0: Called Strike
0-1: Fly out, F9 (Line Drive, 89S, EV 95.0 MPH)
Batting: RHB Ryan Criollo 0-0: Ball
1-0: Ball
2-0: Called Strike
2-1: Foul Ball, location: 2F
2-2: Fly out, F4 (Popup, 34S, EV 85.0 MPH)
Bottom of the 2nd over - 5 runs, 3 hits, 0 errors, 1 left on base; Houston (WIN) 0 - Seattle (WIN) 7
TOP OF THE 3RD
Houston (WIN) Astros batting - Pitching for Seattle (WIN) Mariners : RHP Bill Porter
Batting: RHB Omar Amaya 0-0: Called Strike
0-1: Called Strike
0-2: Strikes out swinging
Batting: LHB Mark Dearth 0-0: Called Strike
0-1: Foul Ball, location: 2F
0-2: Ball
1-2: Ground out 4-3 (Groundball, 34, EV 96.2 MPH)
Batting: RHB Elijah Hunter 0-0: Ball
1-0: Ball
2-0: Ball
3-0: Called Strike
3-1: Swinging Strike
3-2: SOLO HOME RUN (Flyball, 9D, EV 105.0 MPH), Distance : 395 ft
Batting: SHB Paskar Adegoke 0-0: Ball
1-0: Ball
2-0: Foul Ball, location: 2F
2-1: Fly out, F8 (Flyball, 78D, EV 80.0 MPH)
Top of the 3rd over - 1 run, 1 hit, 0 errors, 0 left on base; Houston (WIN) 1 - Seattle (WIN) 7
BOTTOM OF THE 3RD
Seattle (WIN) Mariners batting - Pitching for Houston (WIN) Astros : RHP Jayson Campbell
Batting: RHB Adan Lake 0-0: Ball
1-0: Ground out 5-3 (Groundball, 56S, EV 90.0 MPH)
Batting: LHB Brent Dutcher 0-0: Ball
1-0: SINGLE (Line Drive, 4D, EV 96.2 MPH)
Batting: RHB Ching-hsia Zhang 0-0: Ball
1-0: Swinging Strike
1-1: Ball
2-1: Called Strike
Brent Dutcher steals 2nd, throwing error, E2
Brent Dutcher to third
2-2: Ball
3-2: Ground out 6-3 (Groundball, 6, EV 102.5 MPH)
Brent Dutcher scores
Batting: RHB Kagetoki Kawai 0-0: Ball
1-0: Fly out, F6 (Popup, 6MD, EV 50.6 MPH)
Bottom of the 3rd over - 1 run, 1 hit, 1 error, 0 left on base; Houston (WIN) 1 - Seattle (WIN) 8
TOP OF THE 4TH
Houston (WIN) Astros batting - Pitching for Seattle (WIN) Mariners : RHP Bill Porter
Batting: LHB Bob Govella 0-0: Ground out 5-3 (Groundball, 5, EV 102.5 MPH)
Batting: RHB Workneh Lagat 0-0: Ball
1-0: Ball
2-0: Foul Ball, location: 2F
2-1: Foul Ball, location: 2F
2-2: SINGLE (Line Drive, 34D, EV 98.1 MPH)
Batting: LHB Aldo Kok 0-0: Foul Ball, location: 2F
0-1: DOUBLE (Flyball, 78D, EV 97.5 MPH)
Workneh Lagat to third
Batting: RHB Juan Mendoza 0-0: Ball
1-0: Swinging Strike
1-1: Called Strike
1-2: Strikes out swinging
Batting: RHB Yoshitoshi Mori 0-0: Called Strike
0-1: Ball
1-1: Ground out 1-3 (Groundball, 15S, EV 61.2 MPH)
Top of the 4th over - 0 runs, 2 hits, 0 errors, 2 left on base; Houston (WIN) 1 - Seattle (WIN) 8
BOTTOM OF THE 4TH
Seattle (WIN) Mariners batting - Pitching for Houston (WIN) Astros : RHP Jayson Campbell
Batting: RHB Tomokazu Sugimoto 0-0: Ball
1-0: Called Strike
1-1: Ball
2-1: Ball
3-1: Called Strike
3-2: Foul Ball, location: 2F
3-2: Foul Ball, location: 2F
3-2: Strikes out swinging
Batting: RHB Mike Conaway 0-0: Ball
1-0: Foul Ball, location: 2F
1-1: Foul Ball, location: 2F
1-2: Ball
2-2: Ball
3-2: Foul Ball, location: 2F
3-2: Ground out 4-3 (Groundball, 4, EV 80.0 MPH)
Batting: LHB Addisu Nyamekye 0-0: Ball
1-0: Ground out U3 (Groundball, 3, EV 86.9 MPH)
Bottom of the 4th over - 0 runs, 0 hits, 0 errors, 0 left on base; Houston (WIN) 1 - Seattle (WIN) 8
TOP OF THE 5TH
Houston (WIN) Astros batting - Pitching for Seattle (WIN) Mariners : RHP Bill Porter
Batting: RHB Omar Amaya 0-0: Fly out, F4 (Popup, 34S, EV 73.1 MPH)
Batting: LHB Mark Dearth 0-0: Ball
1-0: Ball
2-0: Called Strike
2-1: Foul Ball, location: 2F
2-2: Strikes out swinging
Batting: RHB Elijah Hunter 0-0: Ground out 5-3 (Groundball, 56S, EV 78.8 MPH)
Top of the 5th over - 0 runs, 0 hits, 0 errors, 0 left on base; Houston (WIN) 1 - Seattle (WIN) 8
BOTTOM OF THE 5TH
Seattle (WIN) Mariners batting - Pitching for Houston (WIN) Astros : RHP Jayson Campbell
Batting: RHB Chris Skaff 0-0: Ground out 6-3 (Groundball, 6D, EV 84.4 MPH)
Batting: RHB Ryan Criollo 0-0: Ball
1-0: Called Strike
1-1: Ball
2-1: Foul Ball, location: 2F
2-2: Fly out, F7 (Flyball, 78M, EV 75.6 MPH)
Batting: RHB Adan Lake 0-0: Called Strike
0-1: Ball
1-1: Ball
2-1: Called Strike
2-2: Strikes out swinging
Bottom of the 5th over - 0 runs, 0 hits, 0 errors, 0 left on base; Houston (WIN) 1 - Seattle (WIN) 8
TOP OF THE 6TH
Houston (WIN) Astros batting - Pitching for Seattle (WIN) Mariners : RHP Bill Porter
Batting: SHB Paskar Adegoke 0-0: SINGLE (Groundball, 5S, EV 66.2 MPH) (infield hit)
Batting: LHB Bob Govella 0-0: Fly out, F8 (Flyball, 78M, EV 96.9 MPH)
Batting: RHB Workneh Lagat 0-0: Ball
1-0: Swinging Strike
1-1: Ball
2-1: Ball
3-1: Foul Ball, location: 2F
3-2: Grounds into double play, 5-4-3 (Groundball, 56, EV 80.6 MPH)
Top of the 6th over - 0 runs, 1 hit, 0 errors, 0 left on base; Houston (WIN) 1 - Seattle (WIN) 8
BOTTOM OF THE 6TH
Seattle (WIN) Mariners batting - Pitching for Houston (WIN) Astros : RHP Jayson Campbell
Batting: LHB Brent Dutcher 0-0: Ground out 4-3 (Groundball, 4, EV 85.0 MPH)
Batting: RHB Ching-hsia Zhang 0-0: Reached on error, E6 (Groundball, 6, EV 83.8 MPH)
Pitching: LHP T.J. Westover
Batting: RHB Kagetoki Kawai 0-0: Called Strike
0-1: Ball
1-1: Ball
2-1: SINGLE (Line Drive, 4MD, EV 105.6 MPH)
Ching-hsia Zhang to second
Batting: RHB Tomokazu Sugimoto 0-0: Called Strike
0-1: Ball
1-1: Called Strike
1-2: Foul Ball, location: 2F
1-2: Strikes out swinging
Batting: RHB Mike Conaway 0-0: Ball
1-0: Called Strike
1-1: Fielders Choice at 2nd, U4 (Groundball, 4M, EV 81.9 MPH)
Bottom of the 6th over - 0 runs, 1 hit, 1 error, 2 left on base; Houston (WIN) 1 - Seattle (WIN) 8
TOP OF THE 7TH
Houston (WIN) Astros batting - Pitching for Seattle (WIN) Mariners : RHP Bill Porter
Pinch Hitting: LHB Lou Toth 0-0: Ball
1-0: Ground out 4-3 (Groundball, 4, EV 84.4 MPH)
Batting: RHB Juan Mendoza 0-0: Called Strike
0-1: SINGLE (Groundball, 56D, EV 95.6 MPH)
Batting: RHB Yoshitoshi Mori 0-0: Ball
1-0: Ball
2-0: Grounds into double play, 3-6-1 (Groundball, 34, EV 107.5 MPH)
Top of the 7th over - 0 runs, 1 hit, 0 errors, 0 left on base; Houston (WIN) 1 - Seattle (WIN) 8
BOTTOM OF THE 7TH
Seattle (WIN) Mariners batting - Pitching for Houston (WIN) Astros : LHP T.J. Westover
Now at 1B: Elijah Hunter
Now in LF: Lou Toth
Now in RF: Bob Govella
Pinch Hitting: RHB Kinzo Yokoyama 0-0: Ball
1-0: Foul Ball, location: 2F
1-1: Ball
2-1: SINGLE (Flyball, 8LS, EV 97.5 MPH)
Batting: RHB Chris Skaff 0-0: Foul Ball, location: 2F
0-1: Swinging Strike
0-2: Foul Ball, location: 2F
0-2: Ball
1-2: Ball
2-2: Foul Ball, location: 2F
2-2: Strikes out swinging
Batting: RHB Ryan Criollo 0-0: Single, Error in OF, E7, batter to second base (Line Drive, 56D, EV 97.5 MPH)
Kinzo Yokoyama to third
Batting: RHB Adan Lake 0-0: Called Strike
0-1: Ball
1-1: Foul Ball, location: 2F
1-2: Ball
2-2: Foul Ball, location: 2F
2-2: Fly out, F9 (Line Drive, 9D, EV 86.9 MPH)
Runner from 3rd tags up, SCORES, throw by RF
Ryan Criollo to third
Batting: LHB Brent Dutcher 0-0: Called Strike
0-1: Ground out U3 (Groundball, 3, EV 110.0 MPH)
Bottom of the 7th over - 1 run, 2 hits, 1 error, 1 left on base; Houston (WIN) 1 - Seattle (WIN) 9
TOP OF THE 8TH
Houston (WIN) Astros batting - Pitching for Seattle (WIN) Mariners : RHP Bill Porter
Pitching: RHP Adam Fair
Now at 1B: Kinzo Yokoyama
Batting: RHB Omar Amaya 0-0: Swinging Strike
0-1: Swinging Strike
0-2: Ball
1-2: Ball
2-2: Ball
3-2: Strikes out looking
Batting: LHB Mark Dearth 0-0: Ball
1-0: Foul Ball, location: 2F
1-1: Ball
2-1: Foul Ball, location: 2F
2-2: Ball
3-2: Foul Ball, location: 2F
3-2: Strikes out looking
Batting: RHB Elijah Hunter 0-0: Foul Ball, location: 2F
0-1: Called Strike
0-2: Ball
1-2: Strikes out swinging
Top of the 8th over - 0 runs, 0 hits, 0 errors, 0 left on base; Houston (WIN) 1 - Seattle (WIN) 9
BOTTOM OF THE 8TH
Seattle (WIN) Mariners batting - Pitching for Houston (WIN) Astros : LHP T.J. Westover
Batting: RHB Ching-hsia Zhang 0-0: Foul Ball, location: 2F
0-1: Ball
1-1: Ground out 3-1 (Groundball, 34, EV 105.6 MPH)
Batting: RHB Kagetoki Kawai 0-0: Called Strike
0-1: Ball
1-1: Ground out 5-3 (Groundball, 25, EV 85.0 MPH)
Batting: RHB Tomokazu Sugimoto 0-0: Ball
1-0: Called Strike
1-1: Foul Ball, location: 2F
1-2: Ball
2-2: Ball
3-2: Ground out 6-3 (Groundball, 6, EV 90.0 MPH)
Bottom of the 8th over - 0 runs, 0 hits, 0 errors, 0 left on base; Houston (WIN) 1 - Seattle (WIN) 9
TOP OF THE 9TH
Houston (WIN) Astros batting - Pitching for Seattle (WIN) Mariners : RHP Adam Fair
Batting: SHB Paskar Adegoke 0-0: Called Strike
0-1: Ball
1-1: Called Strike
1-2: Strikes out swinging
Batting: LHB Bob Govella 0-0: Foul Ball, location: 2F
0-1: Ball
1-1: Foul Ball, location: 2F
1-2: Ball
2-2: Strikes out looking
Batting: RHB Workneh Lagat 0-0: Swinging Strike
0-1: Fly out, F3 (Flyball, 3D, EV 89.4 MPH)
Top of the 9th over - 0 runs, 0 hits, 0 errors, 0 left on base; Houston (WIN) 1 - Seattle (WIN) 9
Tuesday, March 28th , 2023 - OOTP Baseball 23.10 Build 110